[Event "Titled Tuesday Blitz July 25 Early 2023"]
[White "Estevez Polanco, Leonardo Rafael"]
[Black "Floresvillar Gonzalez, Luis Migu"]
[WhiteFideId "6402798"]
[BlackFideId "5100542"]
[WhiteElo "2080"]
[BlackElo "2092"]
[Result "0-1"]
[Round "11"]
[TimeControl "180+2"]
[Date "2023.07.25"]
[WhiteClock "0:00:02"]
[BlackClock "0:01:09"]
[Board "158"]

1. e4 c6 2. Nf3 d5 3. Nc3 Nf6 4. exd5 Nxd5 5. d4 Nxc3 6. bxc3 Bf5 7. Bc4 e6 8. Bd3 Bxd3 9. Qxd3 Be7 10. O-O O-O 11. c4 Nd7 12. Bb2 b6 13. Rad1 Qc7 14. Rfe1 Rad8 15. d5 Nf6 16. Qe2 cxd5 17. Bxf6 Bxf6 18. cxd5 Rxd5 19. c4 Rxd1 20. Rxd1 g6 21. g3 Rd8 22. Rxd8+ Qxd8 23. Qc2 Qc7 24. Kg2 Kg7 25. Qb3 Qc5 26. Qb5 Qxb5 27. cxb5 Kf8 28. Kf1 Ke7 29. Ke2 Kd6 30. Kd3 Kc5 31. a4 Kb4 32. Nd2 Kxa4 33. Kc4 Ka5 34. Nb3+ Ka4 35. Nd2 Be5 36. f4 Bf6 37. Ne4 Be7 38. Nc3+ Ka5 39. h3 h5 40. h4 a6 41. bxa6 Kxa6 42. Nb5 Bc5 43. Nc3 Kb7 44. Ne4 Kc6 45. Ng5 Bf2 46. Nxf7 Bxg3 47. Nh8 Bxh4 48. Nxg6 Bg3 49. Kd3 h4 50. Ke4 b5 51. Kf3 b4 52. Ne5+ Kd5 53. Nd3 b3 54. Nb2 Kd4 55. Kg2 Kc3 56. Na4+ Kc2 57. Kf3 0-1


[Site "https://www.chess.com"]

[Event "Titled Tuesday Blitz July 25 Early 2023"]
[White "Lohani, Sujana"]
[Black "Guevara Sanchez, Erick Marvin"]
[WhiteFideId "12311987"]
[BlackFideId "6700136"]
[WhiteElo "1937"]
[BlackElo "2075"]
[Result "0-1"]
[Round "11"]
[TimeControl "180+2"]
[Date "2023.07.25"]
[WhiteClock "0:00:41"]
[BlackClock "0:01:00"]
[Board "159"]

1. d4 d5 2. Nf3 e6 3. c4 c5 4. cxd5 exd5 5. Nc3 Nc6 6. e3 Nf6 7. dxc5 Bxc5 8. Bb5 O-O 9. O-O Bg4 10. Be2 a6 11. a3 Rc8 12. Qb3 Na5 13. Qa2 Be6 14. Nd4 Bxd4 15. exd4 Nc4 16. Bg5 h6 17. Bh4 b5 18. Rad1 g5 19. Bg3 Ne4 20. Nxe4 dxe4 21. Qb1 Bd5 22. h4 f5 23. hxg5 hxg5 24. Rc1 f4 25. Bh2 Nd2 26. Rxc8 Qxc8 27. Qd1 Nxf1 28. Qxf1 Qc2 0-1


[Site "https://www.chess.com"]

[Event "Titled Tuesday Blitz July 25 Early 2023"]
[White "Vafin, Ayrat"]
[Black "Wisniowski, Natalie"]
[WhiteFideId "4146530"]
[BlackFideId "30929261"]
[WhiteElo "2288"]
[BlackElo "2015"]
[Result "0-1"]
[Round "11"]
[TimeControl "180+2"]
[Date "2023.07.25"]
[WhiteClock "0:01:47"]
[BlackClock "0:01:48"]
[Board "160"]

1. d4 Nf6 2. Bf4 d5 3. e3 c5 4. c3 Nc6 5. Nd2 Qb6 6. Qc2 Bg4 7. h3 Bh5 8. Bd3 e6 9. Rb1 Be7 10. Ngf3 O-O 11. Ne5 Rac8 12. O-O cxd4 13. exd4 Nxd4 14. Bg5 Nxc2 15. Nd7 Nxd7 16. Bxc2 Bxg5 0-1


[Site "https://www.chess.com"]

[Event "Titled Tuesday Blitz July 25 Early 2023"]
[White "Sarkar, Justin"]
[Black "Bogumil, Tatiana"]
[WhiteFideId "2010011"]
[BlackFideId "4110579"]
[WhiteElo "2243"]
[BlackElo "2007"]
[Result "0-1"]
[Round "11"]
[TimeControl "180+2"]
[Date "2023.07.25"]
[WhiteClock "0:00:00"]
[BlackClock "0:00:55"]
[Board "161"]

1. e4 e6 2. d4 d5 3. Nc3 dxe4 4. Nxe4 Bd7 5. Bd3 Bc6 6. Nf3 Nd7 7. c3 Ngf6 8. Ng3 Bd6 9. O-O O-O 10. Re1 Bxf3 11. Qxf3 c6 12. a4 a5 13. h4 Qc7 14. h5 h6 15. Ne4 Nxe4 16. Qxe4 Nf6 17. Qf3 Nd7 18. g4 Rfe8 19. g5 hxg5 20. Bxg5 Nf8 21. h6 f5 22. hxg7 Qxg7 23. Qg2 Nh7 24. Bd2 Qxg2+ 25. Kxg2 Nf6 26. Kf3 Kf7 27. c4 Rg8 0-1


[Site "https://www.chess.com"]

[Event "Titled Tuesday Blitz July 25 Early 2023"]
[White "Viasus, Juan Diego"]
[Black "Hartikainen, Jarmo"]
[WhiteFideId "4464346"]
[BlackFideId "503134"]
[WhiteElo "1499"]
[BlackElo "2077"]
[Result "0-1"]
[Round "11"]
[TimeControl "180+2"]
[Date "2023.07.25"]
[WhiteClock "0:01:20"]
[BlackClock "0:00:20"]
[Board "162"]

1. c4 e5 2. Nc3 Nf6 3. g3 Be7 4. Bg2 O-O 5. Nf3 Nc6 6. d4 d6 7. O-O Bg4 8. h3 Bxf3 9. Bxf3 exd4 10. Nb5 Ne5 11. Bg2 c6 12. Nxd4 Nxc4 13. b3 Nb6 14. Bb2 d5 15. Nf5 Qd7 16. Nxe7+ Qxe7 17. Qd4 Nbd7 18. e3 Rfe8 19. a4 Qe5 20. b4 Qxd4 21. Bxd4 b6 22. Rac1 Rac8 23. h4 c5 24. bxc5 bxc5 25. Bb2 Ne4 26. Bxe4 Rxe4 27. a5 Ra4 28. Ra1 Rxa1 29. Rxa1 Rb8 30. Ba3 Rb3 31. Kg2 h5 32. a6 Nb6 33. Bc1 Nc4 34. Kf3 f5 35. Ke2 d4 36. exd4 cxd4 37. Bg5 d3+ 38. Kf1 Rb2 39. Rd1 d2 40. Ke2 Ra2 41. Kd3 Nb2+ 42. Kc2 Nxd1+ 43. Kxd1 Rxa6 44. Bxd2 Kf7 45. Ke2 Ke6 46. Ke3 Kd5 47. Kf4 g6 48. Kg5 Rc6 49. Bf4 a5 50. Bd2 a4 51. Bb4 Kc4 52. Ba3 Kb3 53. Bc1 a3 54. Bxa3 Kxa3 55. Kh6 Kb3 56. Kg7 Kc4 57. Kf7 Kd5 58. Kg7 Ke4 59. Kh6 Kf3 60. Kg5 Kxf2 61. Kf4 Rc4+ 62. Kg5 Rg4+ 63. Kf6 Rxg3 64. Kg7 Rg4 65. Kh8 Rxh4 66. Kg8 f4 67. Kh8 f3 68. Kg8 Kg3 69. Kh8 Kf4 70. Kg8 Kf5 71. Kh8 Kf6 72. Kg8 g5 73. Kh8 Ra4 74. Kg8 Ra7 75. Kh8 Kg6 76. Kg8 Ra8# 0-1